AoeStats
← Furian

Arena

510195065Analyzed
3v3 RM · 1d ago on Sep 29, 2026· 24m 53s· 6 players
Game mode
Random Map
Map size
Normal (6 player)
Population
200
Speed
Normal
Resources
Standard
Victory
Conquest
Starting age
Dark Age
Ending age
Imperial Age
RankedLock teamsTeams togetherTeam positionsShared explorationLock speedFull tech treeHidden civsTurbo modeCheats
Victory
Defeat
🇹🇷 Malay · Türkiye
1274
+19
1229
+21
🇹🇷 Berbers · Türkiye
1048
+27
🇺🇸 Saxons · United States
1415
-25
🇪🇸 Huns · Spain
1340
-23
🇵🇪 Khmer · Peru
1234
-19
RumHam
10:09 Feudal Age
14:02 Castle Age
12:15 Double-Bit Axe
12:36 Horse Collar
15:48 Bow Saw
19:22 Heavy Plow
22:08 Wheelbarrow
22:28 Gold Mining
22:40 Loom
23:11 Hand Cart
23:11 Scale Mail Armor
23:21 Forging
23:05 Fletching
23:16 Padded Archer Armor
23:31 Town Watch
arodrisa
10:53 Feudal Age
15:00 Castle Age
13:05 Double-Bit Axe
13:30 Horse Collar
16:07 Bow Saw
21:51 Heavy Plow
22:58 Gold Mining
24:08 Wheelbarrow
24:17 Gold Shaft Mining
23:43 Stone Mining
24:50 Fervor
kingmarrano
10:45 Feudal Age
14:06 Castle Age
12:28 Double-Bit Axe
13:02 Stone Mining
13:46 Horse Collar
16:28 Bow Saw
23:11 Gold Mining
secotify
11:22 Feudal Age
15:45 Castle Age
13:56 Double-Bit Axe
14:46 Horse Collar
17:06 Bow Saw
17:44 Scale Barding Armor
17:52 Forging
18:13 Heavy Plow
19:26 Bloodlines
21:40 Wheelbarrow
23:51 Gold Mining
Furian
11:09 Feudal Age
16:13 Castle Age
15:29 Arson
15:31 Double-Bit Axe
17:54 Forging
24:14 Loom
İvan'ın Anasını Dehleyen
11:30 Feudal Age
15:47 Castle Age
13:47 Horse Collar
13:54 Double-Bit Axe
14:23 Fletching
14:47 Gold Mining
14:48 Stone Mining
15:09 Loom
16:10 Wheelbarrow
17:53 Bow Saw
17:45 Heavy Plow
23:35 Hand Cart
25:45 Gold Shaft Mining
25:51 Stone Shaft Mining
Connection lost

Rejoining the realm…

Still unreachable

The connection could not be restored.

Session expired

The server has moved on; the page needs a fresh start.